EVO
UNIVERSITY OF TORONTO MARLIES @ VANDERBILT UNIVERSITY COMMODORES
07/31/2044
 
TOP OF THE 1ST
University of Toronto Marlies batting - Pitching for Vanderbilt University Commodores : RHP Angelo Mora
Pitching: RHP Angelo Mora
Batting: LHB Jonathan Roman 0-0: Foul Ball, location: 2F
0-1: Ball
1-1: Called Strike
1-2: Strikes out swinging
Batting: LHB Chris Williams 0-0: Swinging Strike
0-1: Called Strike
0-2: Ball
1-2: Foul Ball, location: 2F
1-2: Strikes out looking
Batting: LHB Jonathon Walton 0-0: Called Strike
0-1: SOLO HOME RUN (Flyball, 9LD, EV 95.6 MPH), Distance : 351 ft
Batting: RHB Masaru Konno 0-0: Swinging Strike
0-1: Foul Ball, location: 2F
0-2: Foul Ball, location: 2F
0-2: Strikes out swinging
Top of the 1st over - 1 run, 1 hit, 0 errors, 0 left on base; University of Toronto 1 - Vanderbilt University 0
BOTTOM OF THE 1ST
Vanderbilt University Commodores batting - Pitching for University of Toronto Marlies : LHP Leo Gutierrez
Pitching: LHP Leo Gutierrez
Batting: RHB Chris Maul 0-0: Foul Ball, location: 2F
0-1: Called Strike
0-2: Ball
1-2: Ball
2-2: Ground out 6-3 (Groundball, 6, EV 92.5 MPH)
Batting: RHB Jeremy Harden 0-0: Called Strike
0-1: Ball
1-1: SOLO HOME RUN (Flyball, 7D, EV 105.6 MPH), Distance : 407 ft
Batting: RHB Jonathan Mendoza 0-0: Called Strike
0-1: Ball
1-1: Foul Ball, location: 2F
1-2: Strikes out swinging
Batting: RHB Ben Politi 0-0: Ground out 5-3 (Groundball, 56S, EV 85.0 MPH)
Bottom of the 1st over - 1 run, 1 hit, 0 errors, 0 left on base; University of Toronto 1 - Vanderbilt University 1
TOP OF THE 2ND
University of Toronto Marlies batting - Pitching for Vanderbilt University Commodores : RHP Angelo Mora
Batting: RHB Dan Allred 0-0: Ball
1-0: Called Strike
1-1: Foul Ball, location: 2F
1-2: SINGLE (Line Drive, 4MD, EV 100.0 MPH)
Batting: RHB Jose Argueta 0-0: Foul Ball, location: 2F
0-1: Ball
1-1: Ball
2-1: Ball
3-1: Swinging Strike
3-2: DOUBLE (Groundball, 5L, EV 95.0 MPH)
Dan Allred to third
Batting: SHB Jim Lloyd 0-0: Ball
1-0: Foul Ball, location: 2F
1-1: Ball
2-1: SINGLE (Line Drive, 6MD, EV 107.5 MPH)
Dan Allred scores
Jose Argueta to third
Batting: SHB Jason Todd 0-0: Ball
1-0: 3-RUN HOME RUN (Flyball, 9D, EV 95.6 MPH), Distance : 367 ft
Batting: SHB Omar Cervantes 0-0: Called Strike
0-1: Ball
1-1: Foul Ball, location: 2F
1-2: Ball
2-2: Foul Ball, location: 2F
2-2: Foul Ball, location: 2F
2-2: Ball
3-2: Strikes out swinging
Batting: LHB Jonathan Roman 0-0: Ball
1-0: Foul Ball, location: 2F
1-1: Foul Ball, location: 2F
1-2: Fly out, F3 (Line Drive, 3, EV 74.4 MPH)
Batting: LHB Chris Williams 0-0: Called Strike
0-1: Swinging Strike
0-2: Foul Ball, location: 2F
0-2: Fly out, F7 (Line Drive, 7D, EV 104.4 MPH)
Top of the 2nd over - 4 runs, 4 hits, 0 errors, 0 left on base; University of Toronto 5 - Vanderbilt University 1
BOTTOM OF THE 2ND
Vanderbilt University Commodores batting - Pitching for University of Toronto Marlies : LHP Leo Gutierrez
Batting: RHB Mario Lopez 0-0: Called Strike
0-1: Ball
1-1: Swinging Strike
1-2: Strikes out swinging
Batting: RHB Chris Bohm 0-0: Fly out, F8 (Flyball, 8RM, EV 95.6 MPH)
Batting: LHB Jeremy Robertson 0-0: Called Strike
0-1: Foul Ball, location: 2F
0-2: Ball
1-2: Strikes out swinging
Bottom of the 2nd over - 0 runs, 0 hits, 0 errors, 0 left on base; University of Toronto 5 - Vanderbilt University 1
TOP OF THE 3RD
University of Toronto Marlies batting - Pitching for Vanderbilt University Commodores : RHP Angelo Mora
Batting: LHB Jonathon Walton 0-0: Foul Ball, location: 2F
0-1: Fly out, F3 (Flyball, 3D, EV 70.6 MPH)
Batting: RHB Masaru Konno 0-0: Ball
1-0: Foul Ball, location: 2F
1-1: Swinging Strike
1-2: Ground out 4-3 (Groundball, 4MD, EV 103.8 MPH)
Batting: RHB Dan Allred 0-0: Called Strike
0-1: Ball
1-1: Called Strike
1-2: Foul Ball, location: 2F
1-2: Ball
2-2: Foul Ball, location: 2F
2-2: Ground out 5-3 (Groundball, 56, EV 83.8 MPH)
Top of the 3rd over - 0 runs, 0 hits, 0 errors, 0 left on base; University of Toronto 5 - Vanderbilt University 1
BOTTOM OF THE 3RD
Vanderbilt University Commodores batting - Pitching for University of Toronto Marlies : LHP Leo Gutierrez
Batting: RHB D.J. Cooke 0-0: Foul Ball, location: 2F
0-1: Ball
1-1: Called Strike
1-2: Strikes out swinging
Batting: RHB Vicente Guillen 0-0: Called Strike
0-1: Fly out, F8 (Flyball, 8LM, EV 85.0 MPH)
Batting: RHB Chris Maul 0-0: Fly out, F9 (Flyball, 9, EV 88.8 MPH)
Bottom of the 3rd over - 0 runs, 0 hits, 0 errors, 0 left on base; University of Toronto 5 - Vanderbilt University 1
TOP OF THE 4TH
University of Toronto Marlies batting - Pitching for Vanderbilt University Commodores : RHP Angelo Mora
Pitching: RHP Alex Roman
Batting: RHB Jose Argueta 0-0: Ball
1-0: Fly out, F8 (Flyball, 8LXD, EV 105.0 MPH)
Pitching: LHP Jorge Benitez
Batting: SHB Jim Lloyd 0-0: Ball
1-0: Ball
2-0: Ball
3-0: Base on Balls
Batting: SHB Jason Todd 0-0: SINGLE (Line Drive, 89S, EV 110.0 MPH)
Jim Lloyd to second
Batting: SHB Omar Cervantes 0-0: Called Strike
0-1: Fielders Choice at 2nd, 3-6 (Groundball, 34, EV 91.3 MPH)
Jim Lloyd to third
Batting: LHB Jonathan Roman 0-0: Foul Ball, location: 2F
0-1: Called Strike
0-2: SINGLE (Line Drive, 8RM, EV 108.1 MPH)
Jim Lloyd scores
Omar Cervantes to second
Batting: LHB Chris Williams 0-0: Ball
1-0: Called Strike
1-1: Foul Ball, location: 2F
1-2: Ball
2-2: Foul Ball, location: 2F
2-2: Foul Ball, location: 2F
2-2: Foul Ball, location: 2F
2-2: Foul Ball, location: 2F
2-2: Ball
3-2: SINGLE (Line Drive, 4MD, EV 94.4 MPH)
Omar Cervantes to third
Jonathan Roman to second
Omar Cervantes scores
Jonathan Roman to third
Batting: LHB Jonathon Walton 0-0: Swinging Strike
0-1: 3-RUN HOME RUN (Flyball, 9D, EV 96.3 MPH), Distance : 370 ft
Pitching: RHP Eric Schafer
Batting: RHB Masaru Konno 0-0: Called Strike
0-1: Swinging Strike
0-2: Ball
1-2: Ball
2-2: Strikes out swinging
Top of the 4th over - 5 runs, 4 hits, 0 errors, 0 left on base; University of Toronto 10 - Vanderbilt University 1
BOTTOM OF THE 4TH
Vanderbilt University Commodores batting - Pitching for University of Toronto Marlies : LHP Leo Gutierrez
Batting: RHB Jeremy Harden 0-0: Ball
1-0: Hit by Pitch
Batting: RHB Jonathan Mendoza 0-0: Ball
1-0: Fly out, F7 (Flyball, 7D, EV 98.8 MPH)
Batting: RHB Ben Politi 0-0: Called Strike
0-1: Ball
1-1: Swinging Strike
1-2: Strikes out looking
Batting: RHB Mario Lopez 0-0: Ball
1-0: Foul Ball, location: 2F
1-1: Ball
2-1: SINGLE (Line Drive, 3D, EV 100.0 MPH)
Jeremy Harden to second
Batting: RHB Chris Bohm 0-0: Called Strike
0-1: Fielders Choice at 2nd, 5-4 (Groundball, 56, EV 104.4 MPH)
Bottom of the 4th over - 0 runs, 1 hit, 0 errors, 2 left on base; University of Toronto 10 - Vanderbilt University 1
TOP OF THE 5TH
University of Toronto Marlies batting - Pitching for Vanderbilt University Commodores : RHP Eric Schafer
Batting: RHB Dan Allred 0-0: Ball
1-0: Foul Ball, location: 2F
1-1: Ball
2-1: Ball
3-1: Fly out, F9 (Flyball, 89D, EV 91.9 MPH)
Batting: RHB Jose Argueta 0-0: Ball
1-0: Ball
2-0: Ball
3-0: Called Strike
3-1: Called Strike
3-2: Ground out 5-3 (Groundball, 56S, EV 81.9 MPH)
Batting: SHB Jim Lloyd 0-0: Called Strike
0-1: Swinging Strike
0-2: Ball
1-2: Strikes out swinging
Top of the 5th over - 0 runs, 0 hits, 0 errors, 0 left on base; University of Toronto 10 - Vanderbilt University 1
BOTTOM OF THE 5TH
Vanderbilt University Commodores batting - Pitching for University of Toronto Marlies : LHP Leo Gutierrez
Pitching: RHP Dicky Goedhart
Batting: LHB Jeremy Robertson 0-0: Called Strike
0-1: Foul Ball, location: 2F
0-2: Ball
1-2: Foul Ball, location: 2F
1-2: Strikes out swinging
Batting: RHB D.J. Cooke 0-0: Ball
1-0: Foul Ball, location: 2F
1-1: Called Strike
1-2: Ball
2-2: Ball
3-2: SINGLE (Flyball, 4D, EV 90.0 MPH)
Batting: RHB Vicente Guillen 0-0: Ball
1-0: Fly out, F6 (Line Drive, 6, EV 72.5 MPH)
Batting: RHB Chris Maul 0-0: Swinging Strike
0-1: Called Strike
D.J. Cooke steals 2nd base
0-2: Fly out, F9 (Line Drive, 9D, EV 98.8 MPH)
Bottom of the 5th over - 0 runs, 1 hit, 0 errors, 1 left on base; University of Toronto 10 - Vanderbilt University 1
TOP OF THE 6TH
University of Toronto Marlies batting - Pitching for Vanderbilt University Commodores : RHP Eric Schafer
Batting: SHB Jason Todd 0-0: Called Strike
0-1: Ball
1-1: Swinging Strike
1-2: Ball
2-2: Strikes out swinging
Batting: SHB Omar Cervantes 0-0: Ball
1-0: Foul Ball, location: 2F
1-1: Foul Ball, location: 2F
1-2: Foul Ball, location: 2F
1-2: Ball
2-2: Ball
3-2: Strikes out swinging
Batting: RHB Rich Thurman 0-0: Ball
1-0: Foul Ball, location: 2F
1-1: Ball
2-1: Foul Ball, location: 2F
2-2: Foul Ball, location: 2F
2-2: SINGLE (Groundball, 4S, EV 65.0 MPH) (infield hit)
Pinch Hitting: LHB Marshall Daul 0-0: Foul Ball, location: 2F
0-1: Called Strike
0-2: Foul Ball, location: 2F
0-2: Ball
1-2: Ball
2-2: Ball
3-2: Foul Ball, location: 2F
3-2: Ground out 4-3 (Groundball, 4, EV 96.9 MPH)
Top of the 6th over - 0 runs, 1 hit, 0 errors, 1 left on base; University of Toronto 10 - Vanderbilt University 1
BOTTOM OF THE 6TH
Vanderbilt University Commodores batting - Pitching for University of Toronto Marlies : RHP Dicky Goedhart
Now in CF: Marshall Daul
Batting: RHB Jeremy Harden 0-0: Ball
1-0: Ball
2-0: Ball
3-0: Base on Balls
Batting: RHB Jonathan Mendoza 0-0: Foul Ball, location: 2F
0-1: Fly out, F6 (Flyball, 6MD, EV 83.1 MPH)
Batting: RHB Ben Politi 0-0: Ball
1-0: Ball
2-0: Ball
3-0: Base on Balls
Jeremy Harden to second
Batting: RHB Mario Lopez 0-0: Ball
1-0: Called Strike
1-1: Ball
2-1: Ball
3-1: Foul Ball, location: 2F
3-2: Foul Ball, location: 2F
3-2: Strikes out swinging
Batting: RHB Chris Bohm 0-0: Foul Ball, location: 2F
0-1: Foul Ball, location: 2F
0-2: Foul Ball, location: 2F
0-2: Hit by Pitch
Jeremy Harden to third
Ben Politi to second
Batting: LHB Jeremy Robertson 0-0: Ball
1-0: Ball
2-0: Foul Ball, location: 2F
2-1: Swinging Strike
2-2: Strikes out looking
Bottom of the 6th over - 0 runs, 0 hits, 0 errors, 3 left on base; University of Toronto 10 - Vanderbilt University 1
TOP OF THE 7TH
University of Toronto Marlies batting - Pitching for Vanderbilt University Commodores : RHP Eric Schafer
Pinch Hitting: RHB Isdel Alvarez 0-0: Ball
1-0: Ground out 5-3 (Groundball, 56, EV 79.4 MPH)
Batting: RHB Masaru Konno 0-0: Ball
1-0: Ball
2-0: Ball
3-0: Base on Balls
Pitching: RHP Mitsuaki Okazaki
Pinch Hitting: RHB Elijah Hunter 0-0: Called Strike
0-1: Ball
1-1: Foul Ball, location: 2F
1-2: Ball
2-2: Strikes out swinging
Batting: RHB Jose Argueta 0-0: Ball
1-0: Ball
2-0: Ball
3-0: Base on Balls
Masaru Konno to second
Batting: SHB Jim Lloyd 0-0: Swinging Strike
0-1: Ball
1-1: Called Strike
1-2: Fly out, F8 (Line Drive, 8RM, EV 90.6 MPH)
Top of the 7th over - 0 runs, 0 hits, 0 errors, 2 left on base; University of Toronto 10 - Vanderbilt University 1
BOTTOM OF THE 7TH
Vanderbilt University Commodores batting - Pitching for University of Toronto Marlies : RHP Dicky Goedhart
Pitching: LHP Greg Finley
Now at 1B: Elijah Hunter
Now in RF: Isdel Alvarez
Batting: RHB D.J. Cooke 0-0: Swinging Strike
0-1: Ball
1-1: Called Strike
1-2: Ball
2-2: Foul Ball, location: 2F
2-2: Strikes out swinging
Batting: RHB Vicente Guillen 0-0: Called Strike
0-1: Ball
1-1: Foul Ball, location: 2F
1-2: Ball
2-2: Strikes out swinging
Batting: RHB Chris Maul 0-0: Ball
1-0: Foul Ball, location: 2F
1-1: Ball
2-1: Ground out 6-3 (Groundball, 6, EV 84.4 MPH)
Bottom of the 7th over - 0 runs, 0 hits, 0 errors, 0 left on base; University of Toronto 10 - Vanderbilt University 1
TOP OF THE 8TH
University of Toronto Marlies batting - Pitching for Vanderbilt University Commodores : RHP Mitsuaki Okazaki
Pitching: RHP Lorenzo Juarez
Pinch Hitting: LHB Fernão Manta 0-0: SINGLE (Groundball, 6D, EV 96.9 MPH)
Batting: SHB Omar Cervantes 0-0: Called Strike
0-1: Called Strike
0-2: Ball
Wild Pitch!
Fernão Manta to second
1-2: Strikes out looking
Batting: RHB Rich Thurman 0-0: Called Strike
0-1: Foul Ball, location: 2F
0-2: Ball
1-2: Strikes out swinging
Batting: LHB Marshall Daul 0-0: Called Strike
0-1: Swinging Strike
0-2: Ball
1-2: Ball
2-2: Foul Ball, location: 2F
2-2: Ball
3-2: Base on Balls
Batting: RHB Isdel Alvarez 0-0: DOUBLE (Line Drive, 78D, EV 113.8 MPH)
Fernão Manta scores
Marshall Daul to third
Batting: RHB Masaru Konno 0-0: Called Strike
0-1: Swinging Strike
0-2: Strikes out looking
Top of the 8th over - 1 run, 2 hits, 0 errors, 2 left on base; University of Toronto 11 - Vanderbilt University 1
BOTTOM OF THE 8TH
Vanderbilt University Commodores batting - Pitching for University of Toronto Marlies : LHP Greg Finley
Now at 3B: Fernão Manta
Pinch Hitting: LHB Karel Hort 0-0: Called Strike
0-1: Ball
1-1: Swinging Strike
1-2: Foul Ball, location: 2F
1-2: SINGLE (Groundball, 4D, EV 98.1 MPH)
Batting: RHB Michael Powell 0-0: Called Strike
0-1: Ball
1-1: Foul Ball, location: 2F
1-2: SINGLE (Flyball, 4D, EV 90.0 MPH)
Karel Hort to second
Pinch Hitting: LHB Alberto Carrillo 0-0: Called Strike
0-1: Ball
1-1: Ball
2-1: Foul Ball, location: 2F
2-2: Strikes out looking
Batting: RHB Mario Lopez 0-0: Ball
1-0: Called Strike
1-1: Ball
2-1: Ball
3-1: Base on Balls
Karel Hort to third
Michael Powell to second
Pinch Hitting: RHB Jose Esparza 0-0: Ball
1-0: Ground out U3 (Groundball, 3S, EV 66.3 MPH)
Karel Hort scores
Michael Powell to third
Mario Lopez to second
Batting: LHB Jeremy Robertson 0-0: Foul Ball, location: 2F
0-1: Fly out, F8 (Flyball, 8RXD, EV 98.8 MPH)
Bottom of the 8th over - 1 run, 2 hits, 0 errors, 2 left on base; University of Toronto 11 - Vanderbilt University 2
TOP OF THE 9TH
University of Toronto Marlies batting - Pitching for Vanderbilt University Commodores : RHP Lorenzo Juarez
Now in LF: Karel Hort
Now in CF: Jose Esparza
Now in RF: Alberto Carrillo
Pinch Hitting: RHB Simon Van Steenwyk 0-0: Called Strike
0-1: Swinging Strike
0-2: Fly out, F7 (Line Drive, 7, EV 104.4 MPH)
Pinch Hitting: RHB Kevin Dionne 0-0: Called Strike
0-1: Ball
1-1: Ball
2-1: Foul Ball, location: 2F
2-2: Ball
3-2: Foul Ball, location: 2F
3-2: SINGLE (Line Drive, 56, EV 98.1 MPH)
Batting: SHB Jim Lloyd 0-0: Swinging Strike
0-1: Hit by Pitch
Kevin Dionne to second
Batting: LHB Fernão Manta 0-0: Called Strike
0-1: Foul Ball, location: 2F
0-2: Strikes out swinging
Pinch Hitting: RHB Nate Henderson 0-0: Ball
1-0: Ball
2-0: Ball
3-0: Base on Balls
Kevin Dionne to third
Jim Lloyd to second
Batting: RHB Rich Thurman 0-0: Called Strike
0-1: Ball
1-1: Swinging Strike
1-2: Foul Ball, location: 2F
1-2: Strikes out swinging
Top of the 9th over - 0 runs, 1 hit, 0 errors, 3 left on base; University of Toronto 11 - Vanderbilt University 2
BOTTOM OF THE 9TH
Vanderbilt University Commodores batting - Pitching for University of Toronto Marlies : LHP Greg Finley
Now at C: Nate Henderson
Now at 1B: Francisco Marin
Now at 2B: Kevin Dionne
Pinch Hitting: RHB Joel Gomez 0-0: Called Strike
0-1: Swinging Strike
0-2: Ground out 4-3 (Groundball, 4, EV 85.6 MPH)
Pinch Hitting: RHB Alex Cardenas 0-0: DOUBLE (Line Drive, 89D, EV 104.4 MPH) - OUT at third base trying to stretch hit.
Batting: RHB Chris Maul 0-0: Ball
1-0: Foul Ball, location: 2F
1-1: Ball
2-1: Ball
3-1: Ground out 6-3 (Groundball, 6S, EV 81.3 MPH)
Bottom of the 9th over - 0 runs, 1 hit, 0 errors, 0 left on base; University of Toronto 11 - Vanderbilt University 2
Thursday, March 31st , 2022 - OOTP Baseball 22.12 Build 89